 Dungeon Crawl Stone Soup version 0.29.1-15-g9cfb28693d (webtiles) character file.

Game seed: 8909614575635135741

2571 booth the Chopper (level 9, -10/72 HPs)
             Began as a Demonspawn Gladiator on Apr 26, 2023.
             Was an Elder of Lugonu.
             Mangled by a death yak (13 damage)
             ... on level 7 of the Dungeon on Apr 27, 2023.
             The game lasted 00:49:17 (8633 turns).

booth the Chopper (Demonspawn Gladiator)            Turns: 8633, Time: 00:49:17

Health: -10/72     AC: 18    Str: 18    XL:     9   Next: 32%
Magic:  9/9        EV: 12    Int:  9    God:    Lugonu [****..]
Gold:   320        SH:  0    Dex: 16    Spells: 8/8 levels left

rFire   + . .      SeeInvis +   a - +2 war axe
rCold   . . .      Faith    .   (no shield)
rNeg    . . .      Spirit   .   H - +1 ring mail "Fety" {-Cast +Inv rElec Will+}
rPois   .          Reflect  .   t - +0 helmet {SInv}
rElec   +          Harm     .   G - +2 cloak
rCorr   .          Rampage  .   v - +1 pair of gloves
Will    +....      NoCast   +   b - +2 pair of boots of Hide-and-Seek {rF+}
Stlth   +.........              (no amulet)
HPRegen 0.22/turn               (no ring)
MPRegen 0.11/turn               (no ring)

@: no status effects
A: claws 2, rugged brown scales 2, powered by death 2, spiny 1
a: Renounce Religion, Evoke Invisibility, Depart the Abyss, Bend Space, Banish,
Corrupt


You were on level 7 of the Dungeon.
You worshipped Lugonu.
Lugonu was greatly pleased with you.
You visited 1 branch of the dungeon, and saw 8 of its levels.

You collected 320 gold pieces.

Inventory:

Hand Weapons
 a - a +2 war axe (weapon)
 g - a +3 whip
 q - a +0 mace
 s - a +2 quarterstaff of chaos
 C - a +0 broad axe
Missiles
 d - 3 throwing nets (quivered)
 f - 13 poisoned darts
Armour
 b - the +2 pair of boots of Hide-and-Seek (worn) {rF+}
   (You found it on level 4 of the Dungeon)

   rF:        It protects you from fire.
 i - the +10 scale mail "Bieladgh" {rF+ Regen+ Str+2 Int+2}
   (You found it on level 2 of the Dungeon)

   Str:       It affects your strength (+2).
   Int:       It affects your intelligence (+2).
   rF:        It protects you from fire.
   Regen:     It increases your rate of health regeneration.
 j - a +0 leather armour of willpower
 l - a +1 leather armour of cold resistance
 t - a +0 helmet of see invisible (worn)
 v - a +1 pair of gloves (worn)
 G - a +2 cloak (worn)
 H - the +1 ring mail "Fety" (worn) {-Cast +Inv rElec Will+}
   (You found it on level 7 of the Dungeon)

   rElec:     It insulates you from electricity.
   +Inv:      It lets you turn invisible.
   -Cast:     It prevents spellcasting.
   Will:      It increases your willpower.
Jewellery
 c - a +6 ring of dexterity
 y - an amulet of the acrobat
Wands
 o - a wand of flame (28)
 z - a wand of digging (5)
 D - a wand of iceblast (3)
Scrolls
 e - 2 scrolls of blinking
 k - 2 scrolls of fear
 m - a scroll of amnesia
 p - 2 scrolls of magic mapping
 r - 4 scrolls of teleportation
 u - 3 scrolls of vulnerability
 A - 3 scrolls of butterflies
Potions
 h - a potion of mutation
 n - 2 potions of flight
 w - 4 potions of curing
 x - 3 potions of attraction
 B - a potion of heal wounds
 E - a potion of brilliance
 F - a potion of ambrosia


   Skills:
 + Level 6.0 Fighting
 * Level 7.8 Axes
 + Level 5.4 Throwing
 + Level 4.2 Armour
 - Level 3.7 Dodging


You had 8 spell levels left.
You didn't know any spells.
Your spell library contained the following spells:

 Spells                   Type           Power      Damage    Failure   Level
 Foxfire                  Conj/Fire      0%         2x1d4     56%         1
 Scorch                   Fire           0%         2d5       71%         2
 Conjure Flame            Conj/Fire      0%         6-21      90%         3
 Inner Flame              Hex/Fire       0%         N/A       90%         3
 Flame Wave               Conj/Fire      0%         2d4       100%        4
 Passage of Golubria      Tloc           0%         N/A       100%        4
 Silence                  Hex/Air        0%         N/A       100%        5
 Summon Cactus Giant      Summ           0%         N/A       100%        6
 Lehudib's Crystal Spear  Conj/Erth      0%         10d2      100%        8


Dungeon Overview and Level Annotations

Branches:
Dungeon (8/15)             Temple (0/1) D:7
   Lair: D:8-11

Altars:
Cheibriados
Dithmenos
Fedhas
Hepliaklqana
Makhleb
Okawaru
Qazlal
Sif Muna
Uskayaw
Vehumet
Xom
Yredelemnul
Lugonu

Shops:
D:3 [   D:4 ?


Innate Abilities, Weirdness & Mutations

You have very sharp fingernails.
You are mostly covered in rugged brown scales. (AC +2, +5% HP)
You regenerate health from kills.
You are partially covered in sharp spines.


Message History

You throw a poisoned dart. The poisoned dart hits the death yak.
The death yak is poisoned.
You hit the death yak.
The death yak is lightly wounded.
The death yak is struck by your spines.
The death yak gores you but does no damage.
You slash the death yak!
The death yak is lightly wounded.
The death yak gores you.
You barely miss the death yak.
The death yak is lightly wounded.
The death yak gores you!
You hit the death yak.
The death yak is moderately wounded.
The death yak is struck by your spines. The death yak gores you!!
You hit the death yak.
The death yak is moderately wounded.
The death yak gores you but does no damage.
You barely miss the death yak.
The death yak is moderately wounded.
The death yak is struck by your spines.
The death yak gores you but does no damage.
You hit the death yak.
The death yak is moderately wounded.
The death yak looks more healthy.
The death yak barely misses you.
You slash the death yak!
The death yak is heavily wounded.
The death yak gores you! x2
* * * LOW HITPOINT WARNING * * *
The death yak gores you!
* * * LOW HITPOINT WARNING * * *
You climb upwards.
There is a stone staircase leading down here.
Press: ? - help, Shift-Dir - straight line, f - death yak
Aim: a death yak (heavily wounded, chance to affect: 15%)
You fail to use your ability.
The death yak barely misses you.
Press: ? - help, Shift-Dir - straight line, f/p - death yak
Aim: a death yak (heavily wounded, chance to affect: 15%)
You fail to use your ability.
The death yak gores you!
You die...

#.........###### #......
########..# #...... #..#
#......
#..#########......
#.................
#..#############.. #..#
#.. #..#############..
#@Y............#..
##.....#..####.#.#
#.....+.....#.#.#
#.....##......#.#
#.....#####...#.#
####.## #.#.... #.#
#.#.#'# ###########.#
#.#....
#...))......######.#....


You could see a death yak.

Vanquished Creatures
  3 orc warriors (D:7)
  A sky beast (D:8)
  5 black bears
  2 ogres
  A centaur (D:8)
  A phantom (D:5)
  2 necrophages (D:7)
  A scorpion (D:4)
  2 wights (D:6)
  4 killer bees (D:8)
  6 hounds
  7 orc priests
  Crazy Yiuf (D:2)
  A jelly (D:4)
  Jessica (D:3)
  Ijyb (D:4)
  An iguana (D:5)
  3 orc wizards
  9 adders
  9 gnolls
  2 white imps
  4 ufetubi
  A worm (D:3)
  5 dart slugs
  33 orcs
  7 endoplasms
  5 giant cockroaches
  9 goblins
  9 hobgoblins
  6 kobolds
  4 quokkas
  10 ball pythons
  7 bats
  A frilled lizard (D:1)
  3 rats
167 creatures vanquished.

Notes
Turn   | Place    | Note
-------+----------+-------------------------------------------
     0 | D:1      | booth the Demonspawn Gladiator began the quest for the Orb.
     0 | D:1      | Reached XP level 1. HP: 16/16 MP: 1/1
   390 | D:1      | Gained mutation: You have sharp fingernails. [demonic
                  | ancestry]
   390 | D:1      | Reached XP level 2. HP: 22/22 MP: 2/2
   541 | D:1      | Reached skill level 3 in Axes
   825 | D:1      | Gained mutation: You are partially covered in sharp spines.
                  | [demonic ancestry]
   825 | D:1      | Reached XP level 3. HP: 28/28 MP: 3/3
  1382 | D:1      | Found a faded altar of an unknown god.
  1389 | D:1      | Prayed at the altar of an unknown god.
  1389 | D:1      | Became a worshipper of Lugonu the Unformed
  1389 | D:1      | Reached * piety under Lugonu
  1389 | D:1      | Reached ** piety under Lugonu
  1545 | D:2      | Identified the +10 scale mail "Bieladgh" {rF+ Regen+ Str+2
                  | Int+2}
  1709 | D:2      | Found a runed translucent door.
  1710 | D:2      | Noticed Crazy Yiuf
  1716 | D:2      | Killed Crazy Yiuf
  1717 | D:2      | Gained mutation: You are partially covered in rugged brown
                  | scales. (AC +1, +3% HP) [demonic ancestry]
  1717 | D:2      | Reached XP level 4. HP: 16/35 MP: 4/4
  2081 | D:2      | Found an iron altar of Okawaru.
  2346 | D:3      | Gained mutation: You regenerate a little health from kills.
                  | [demonic ancestry]
  2346 | D:3      | Reached XP level 5. HP: 17/42 MP: 5/5
  2349 | D:3      | Reached skill level 4 in Axes
  2489 | D:3      | Noticed Jessica
  2493 | D:3      | Killed Jessica
  2515 | D:3      | Reached *** piety under Lugonu
  2525 | D:3      | Gained mutation: You regenerate health from kills. [demonic
                  | ancestry]
  2525 | D:3      | Reached XP level 6. HP: 19/48 MP: 6/6
  2844 | D:3      | Found a snail-covered altar of Cheibriados.
  2919 | D:3      | Found Yfivvaad's Armour Shop.
  3342 | D:4      | Reached skill level 1 in Armour
  3656 | D:4      | Found Jyvug's Magic Scroll Emporium.
  3733 | D:4      | Noticed Ijyb
  3741 | D:4      | Killed Ijyb
  3919 | D:4      | Reached skill level 5 in Axes
  3919 | D:4      | Reached XP level 7. HP: 52/54 MP: 7/7
  4185 | D:4      | Identified the +2 pair of boots of Hide-and-Seek {rF+}
  4376 | D:5      | Entered Level 5 of the Dungeon
  4587 | D:5      | Found a burning altar of Makhleb.
  4912 | D:5      | Gained mutation: You have very sharp fingernails. [demonic
                  | ancestry]
  4912 | D:5      | Reached XP level 8. HP: 52/62 MP: 8/8
  5076 | D:5      | Reached skill level 6 in Axes
  5730 | D:6      | Reached skill level 5 in Fighting
  5774 | D:6      | Found a radiant altar of Vehumet.
  5926 | D:6      | Found a shimmering altar of Xom.
  6105 | D:6      | Found a hide-covered altar of Uskayaw.
  6802 | D:7      | Reached skill level 7 in Axes
  6998 | D:7      | Identified the +1 ring mail "Fety" {-Cast +Inv rElec Will+}
  7227 | D:7      | Found a stormy altar of Qazlal.
  7229 | D:7      | Found a shadowy altar of Dithmenos.
  7234 | D:7      | Found a basalt altar of Yredelemnul.
  7234 | D:7      | Found a shimmering blue altar of Sif Muna.
  7234 | D:7      | Found an iron altar of Okawaru.
  7235 | D:7      | Found a hazy altar of Hepliaklqana.
  7278 | D:7      | Found a staircase to the Ecumenical Temple.
  7295 | D:7      | Reached skill level 5 in Throwing
  7400 | D:7      | Reached **** piety under Lugonu
  7417 | D:7      | Gained mutation: You are mostly covered in rugged brown
                  | scales. (AC +2, +5% HP) [demonic ancestry]
  7417 | D:7      | Reached XP level 9. HP: 26/71 MP: 9/9
  8132 | D:8      | Noticed a death yak
  8132 | D:8      | Noticed a death yak
  8132 | D:8      | Noticed a death yak
  8446 | D:8      | Found a blossoming altar of Fedhas.
  8630 | D:8      | HP: 2/72 [death yak (10)]
  8633 | D:7      | Mangled by a death yak

Illustrated notes

Levels and vault maps discovered:
D:1:      dpeg_arrival_boxorama, layout_basic,
          dreamdust_ecumenical_altar_hidden_monk_grotto
D:2:      layout_basic, basic_altar, minmay_misc_feat_square,
          serial_bayou_crossing, uniq_crazy_yiuf_cottage
D:3:      layout_loops_cross, slow_altar_1, serial_shops, shop,
          minmay_statues_item, uniq_jessica
D:4:      layout_gridville, serial_shops, nicolae_lakefront_shop, uniq_ijyb
D:5:      layout_gridville, makhleb_heckhound_becter
D:6:      layout_basic, mainiacjoe_overflow_surrounded_room,
          mainiacjoe_overflow_alcove_1, vehumet_altar_wand_db,
          chequers_serial_rivers_micro_a, nrook_loot_triangle,
          minmay_fractal_squares_5
D:7:      layout_basic, minitemple, tso_oasis_becter, minmay_temple_entry_tees
D:8:      layout_rooms, mainiacjoe_overflow_alcove_4, dpeg_lair_monsters,
          serial_shops, shop, uniq_prince_ribbit1

Skill      XL: |  1  2  3  4  5  6  7  8  9 |
---------------+----------------------------+-----
Throwing       | 2 3 4 5 |  5.4
Axes           | 3 4 5 7 |  7.8
Dodging        | 3 |  3.7
Fighting       | 3 4 5 6 |  6.0
Armour         | 1 2 3 4 |  4.2

Action                   |  1- 3 |  4- 6 |  7- 9 || total
-------------------------+-------+-------+-------++-------
Melee: Whip              |    87 |   106 |       ||   193
       Punch             |       |     5 |     2 ||     7
       War axe           |       |    45 |   206 ||   251
Throw: Javelin           |     1 |     1 |     1 ||     3
       Dart              |       |       |     1 ||     1
  Use: Scroll            |     4 |    12 |     4 ||    20
       Potion            |       |     2 |       ||     2
 Stab: Sleeping          |     1 |     1 |       ||     2
Armor: Leather armour    |    19 |    34 |    70 ||   123
       Ring mail         |       |       |    40 ||    40
Dodge: Dodged            |    43 |    74 |   152 ||   269
